AoeStats
← Fenium

Lombardia

509340232Analyzed
4v4 RM · 4d ago on Sep 26, 2026· 60m 47s· 8 players
Game mode
Random Map
Map size
Large (8 player)
Population
200
Speed
Normal
Resources
Standard
Victory
Conquest
Starting age
Dark Age
Ending age
Imperial Age
RankedLock teamsTeams togetherTeam positionsShared explorationLock speedFull tech treeHidden civsTurbo modeCheats
Victory
Defeat
🇩🇪 Poles · Germany
1100
+15
🇹🇷 Mongols · Türkiye
1098
+15
🇰🇼 Koreans · Kuwait
1082
+16
🇷🇺 Cumans · Russia
1080
+15
🇨🇳 Poles · China
1121
-18
🇺🇸 Aztecs · United States
1098
-16
🇭🇰 Muisca · Hong Kong SAR China
1042
-14
🇹🇷 Khmer · Türkiye
1028
-13
DM
7:53 Loom
10:30 Feudal Age
18:24 Double-Bit Axe
18:20 Horse Collar
21:27 Castle Age
22:53 Bloodlines
23:30 Scale Barding Armor
27:18 Bloodlines
27:20 Horse Collar
34:49 Wheelbarrow
34:40 Forging
34:29 Gold Mining
34:18 Capped Ram
36:55 Heavy Plow
36:43 Double-Bit Axe
38:15 Bow Saw
38:54 Hand Cart
38:24 Town Watch
39:39 Gold Shaft Mining
42:23 Imperial Age
41:11 Chain Barding Armor
41:27 Iron Casting
43:59 Plate Barding Armor
43:09 Elite Steppe Lancer
44:04 Cavalier
44:26 Light Cavalry
48:09 Blast Furnace
49:01 Hussar
58:47 Steppe Husbandry
59:09 Conscription
ChuckMawHinneyS
6:44 Loom
9:55 Feudal Age
10:23 Double-Bit Axe
10:22 Horse Collar
18:56 Castle Age
17:40 Bloodlines
18:30 Stone Mining
19:50 Bow Saw
22:10 Wheelbarrow
26:21 Fletching
26:31 Padded Archer Armor
30:16 Imperial Age
28:25 Fletching
28:35 Padded Archer Armor
29:21 Ballistics
29:17 Bodkin Arrow
29:44 Leather Archer Armor
30:46 Husbandry
30:59 Bracer
32:06 Chemistry
31:49 Gold Mining
32:52 Masonry
32:59 Hand Cart
34:42 Stone Shaft Mining
34:44 Gold Shaft Mining
34:14 Heavy Plow
36:22 Nomads
35:47 Elite Mangudai
40:33 Drill
40:34 Conscription
40:55 Town Watch
42:00 Onager
43:49 Siege Onager
44:36 Caravan
51:43 Forging
51:33 Scale Mail Armor
51:38 Scale Barding Armor
54:10 Siege Engineers
60:54 Hoardings
59:50 Sappers
Peacemaker89
5:40 Loom
11:36 Feudal Age
12:29 Horse Collar
19:03 Castle Age
17:29 Double-Bit Axe
19:47 Heavy Plow
21:08 Scale Barding Armor
20:57 Town Watch
21:48 Wheelbarrow
22:43 Gold Mining
23:33 Stone Mining
25:41 Bow Saw
25:49 Szlachta Privileges
26:14 Husbandry
26:25 Bloodlines
26:48 Bloodlines
28:06 Chain Barding Armor
27:57 Forging
27:39 Fletching
28:43 Light Cavalry
33:06 Iron Casting
32:09 Pikeman
34:37 Fervor
34:48 Sanctity
38:30 Imperial Age
36:18 Bodkin Arrow
36:25 Scale Mail Armor
38:32 Padded Archer Armor
39:47 Conscription
38:52 Cavalier
40:54 Crop Rotation
39:50 Elite Obuch
41:54 Blast Furnace
40:56 Bracer
41:39 Ballistics
42:20 Chemistry
41:53 Winged Hussar
43:07 Hand Cart
43:33 Chain Mail Armor
43:38 Squires
45:54 Plate Mail Armor
46:42 Lechitic Legacy
47:21 Masonry
47:17 Siege Engineers
47:28 Fortified Wall
47:01 Treadmill Crane
47:36 Town Patrol
57:23 Leather Archer Armor
56:34 Onager
56:37 Capped Ram
58:54 Hoardings
59:13 Elite Skirmisher
60:00 Thumb Ring
59:54 Siege Ram
Poster3542
8:24 Loom
10:14 Feudal Age
16:50 Castle Age
16:18 Double-Bit Axe
16:15 Horse Collar
16:27 Gold Mining
18:24 Gold Shaft Mining
18:09 Bow Saw
22:23 Wheelbarrow
21:58 Heavy Plow
23:15 Fervor
25:41 Stone Mining
28:02 Gold Shaft Mining
28:52 Hand Cart
29:34 Stone Shaft Mining
29:33 Hand Cart
32:51 Imperial Age
31:05 Town Watch
32:06 Stone Shaft Mining
31:17 Treadmill Crane
32:26 Ballistics
33:25 Caravan
35:07 Two-Man Saw
36:34 Sanctity
36:53 Guilds
37:13 Coinage
38:12 Chemistry
37:25 Masonry
40:23 Fletching
41:14 Architecture
40:30 Arrowslits
41:19 Conscription
41:19 Shinkichon
40:20 Elite War Wagon
41:02 Eupseong
42:11 Scale Mail Armor
42:21 Forging
42:06 Bodkin Arrow
42:30 Pikeman
43:10 Squires
42:56 Arson
43:42 Halberdier
45:10 Chain Mail Armor
45:30 Iron Casting
44:56 Bracer
45:37 Block Printing
45:39 Siege Engineers
45:18 Elite Fire Lancer
48:36 Devotion
48:36 Heavy Rocket Cart
51:58 Plate Mail Armor
60:17 Town Patrol
Im Noob
10:18 Feudal Age
15:29 Castle Age
17:35 Loom
17:59 Double-Bit Axe
19:57 Town Watch
25:25 Horse Collar
26:12 Heavy Plow
27:15 Bow Saw
29:24 Wheelbarrow
34:17 Imperial Age
32:07 Hand Cart
33:15 Scale Barding Armor
33:21 Forging
33:12 Scale Mail Armor
33:12 Gold Mining
34:06 Husbandry
34:16 Bloodlines
33:27 Light Cavalry
34:29 Szlachta Privileges
35:01 Chain Barding Armor
34:23 Cavalier
35:45 Iron Casting
35:47 Lechitic Legacy
35:47 Conscription
37:03 Winged Hussar
45:20 Blast Furnace
49:30 Crop Rotation
Rajendra Chola
7:18 Loom
10:08 Feudal Age
11:38 Double-Bit Axe
21:45 Castle Age
25:43 Pikeman
Humetsang
12:22 Feudal Age
16:31 Castle Age
14:22 Double-Bit Axe
14:18 Horse Collar
16:51 Loom
30:31 Imperial Age
28:38 Wheelbarrow
30:45 Gold Mining
31:00 Elite Guecha Warrior
31:35 Fletching
31:46 Padded Archer Armor
33:12 Gold Shaft Mining
32:27 Stone Mining
33:41 Chemistry
33:01 Ballistics
32:42 Bodkin Arrow
33:03 Bow Saw
35:02 Bracer
35:17 Leather Archer Armor
36:04 Stone Shaft Mining
35:30 Heavy Plow
36:13 Conscription
36:32 Hand Cart
47:12 Elite Temple Guard
50:03 Scale Mail Armor
50:14 Forging
56:08 Chain Mail Armor
56:28 Iron Casting
60:57 Two-Man Saw
60:27 Crop Rotation
Fenium
9:40 Loom
12:53 Feudal Age
16:18 Castle Age
16:03 Double-Bit Axe
16:15 Gold Mining
16:07 Horse Collar
26:45 Bow Saw
32:33 Imperial Age
30:41 Wheelbarrow
32:46 Scale Barding Armor
32:52 Forging
32:57 Heavy Plow
32:45 Heavy Scorpion
34:28 Double Crossbow
34:55 Ballistics
35:35 Chemistry
35:24 Siege Engineers
36:06 Gold Shaft Mining
52:13 Elite Battle Elephant
52:54 Husbandry
53:04 Bloodlines
53:33 Iron Casting
53:19 Chain Barding Armor
53:02 Tusk Swords
56:01 Plate Barding Armor
56:27 Blast Furnace
56:55 Fletching
Connection lost

Rejoining the realm…

Still unreachable

The connection could not be restored.

Session expired

The server has moved on; the page needs a fresh start.